 Dungeon Crawl Stone Soup version 0.20.1-1-g8b1a95d (webtiles) character file.

44702 fili the Severer (level 13, -29/201 HPs)
             Began as a Minotaur Berserker on July 7, 2017.
             Was a High Priest of Trog.
             Annihilated by bgiannan's ghost (37 damage)
             ... on level 6 of the Lair of Beasts on Aug 18, 2017.
             The game lasted 02:12:19 (20311 turns).

fili the Severer (Minotaur Berserker)              Turns: 20311, Time: 02:12:19

Health: -29/201    AC: 16    Str: 34    XL:     13   Next: 97%
Magic:  0/12       EV:  6    Int:  4    God:    Trog [*****.]
Gold:   782        SH:  9    Dex: 14    Spells: 12/12 levels left

rFire    + . .     SeeInvis +   J - +1 broad axe
rCold    . . .     Gourm    .   a - +0 shield
rNeg     . . .     Faith    .   w - +0 plate armour
rPois    +         Spirit   .   V - +2 hat "Cot Beit" {rF+ Str+2 Dex+4}
rElec    .         Reflect  .   u - +0 cloak
rCorr    .         Harm     .   y - +0 pair of gloves
MR       ++...                  E - +0 pair of boots
Stlth    ..........             (no amulet)
Regen    1.5/turn               B - ring of see invisible
MPRegen  0.2/turn               o - ring of poison resistance

@: berserking, regenerating, very quick
A: retaliatory headbutt, horns 2
a: Berserk, Trog's Hand, Brothers in Arms, Burn Spellbooks, Renounce Religion


You were on level 6 of the Lair of Beasts.
You worshipped Trog.
Trog was extremely pleased with you.
You were very hungry.

You visited 2 branches of the dungeon, and saw 16 of its levels.
You also visited: Labyrinth.

You collected 782 gold pieces.

Inventory:

Hand Weapons
 J - a +1 broad axe (weapon)
 R - a +4 trident
Missiles
 z - 8 curare-tipped needles
 D - 3 silver javelins (quivered)
 H - 4 javelins of penetration
 U - 3 steel javelins
Armour
 a - a +0 shield (worn)
 u - a +0 cloak (worn)
 w - a +0 plate armour (worn)
 y - a +0 pair of gloves (worn)
 E - a +0 pair of boots (worn)
 V - the +2 hat "Cot Beit" (worn) {rF+ Str+2 Dex+4}
   (You found it on level 1 of the Lair of Beasts)

   It affects your strength (+2).
   It affects your dexterity (+4).
   It protects you from fire.
Jewellery
 o - a ring of poison resistance (right hand)
 B - a ring of see invisible (left hand)
 C - an uncursed ring of protection from cold
 K - an uncursed ring of ice
 O - an uncursed ring of resist corrosion
Wands
 b - a wand of confusion (24/48)
 g - a wand of scattershot (7/9)
 t - a wand of disintegration (15/24)
 L - a wand of enslavement (13/24)
 S - a wand of iceblast (15/15)
 X - a wand of polymorph (8/24)
 Y - a wand of paralysis (9/24)
Scrolls
 d - 6 scrolls of remove curse
 k - 2 scrolls of recharging
 m - 2 scrolls of blinking
 p - a scroll of immolation
 r - 8 scrolls of teleportation
 A - a scroll of enchant weapon
 G - 8 scrolls of identify
 Q - a scroll of acquirement {unknown}
 W - 3 scrolls of enchant armour {unknown}
Potions
 e - a potion of agility
 f - a potion of flight
 h - 6 potions of curing
 j - 2 potions of resistance
 l - a potion of haste
 q - a potion of brilliance
 N - a potion of lignification
 T - a potion of berserk rage
Books
 s - a book of Maledictions

   Spells                             Type                      Level
   a - Corona                         Hexes                        1
   b - Ensorcelled Hibernation        Hexes/Ice                    2
   c - Confuse                        Hexes                        3
   d - Tukima's Dance                 Hexes                        3
   e - Dazzling Spray                 Conjuration/Hexes            3
   Trog disapproves of the use of such an item.
 P - a book of Cantrips

   Spells                             Type                      Level
   a - Confusing Touch                Hexes                        1
   b - Animate Skeleton               Necromancy                   1
   c - Summon Small Mammal            Summoning                    1
   d - Apportation                    Translocation                1
   Trog disapproves of the use of such an item.
Miscellaneous
 n - a fan of gales
 I - a phial of floods
Comestibles
 c - 8 bread rations
 i - 6 royal jellies
 v - 5 meat rations
 x - 22 fruits


   Skills:
 * Level 18.1 Fighting
 * Level 18.2 Axes
 - Level 9.1 Throwing
 - Level 2.4 Armour
 - Level 2.1 Dodging


You had 12 spell levels left.
You didn't know any spells.

Dungeon Overview and Level Annotations

Branches:
Dungeon (10/15)            Temple (0/1) D:6            Lair (6/6) D:9
 Shoals (0/4) Lair:3        Snake (0/4) Lair:4        Slime (0/5) Lair:5
    Orc (0/2) D:10

Altars:
Sif Muna
Beogh
Jiyva

Shops:
D:5 }   D:8 !

Annotations:
Lair:1 exclusion: oklob plant
Lair:3 exclusion: 4 oklob plants
Lair:6 bgiannan's ghost, journeyman MiFi


Innate Abilities, Weirdness & Mutations

You reflexively headbutt those who attack you in melee.
You have a pair of horns on your head.


Message History

You closely miss bgiannan's ghost.
You headbutt bgiannan's ghost, but do no damage.
Bgiannan's ghost is almost destroyed.
Bgiannan's ghost hits you!
* * * LOW HITPOINT WARNING * * *
You feel your power leaking away.
You hit bgiannan's ghost but do no damage.
Bgiannan's ghost is almost destroyed.
Bgiannan's ghost hits you!!
* * * LOW HITPOINT WARNING * * *
A blink frog comes into view.
The blink frog croaks.
You barely miss bgiannan's ghost.
You headbutt bgiannan's ghost, but do no damage.
Bgiannan's ghost is almost destroyed.
You slash bgiannan's ghost!
You headbutt bgiannan's ghost, but do no damage.
Bgiannan's ghost is almost destroyed.
Bgiannan's ghost hits you!!!
You die...

.... ##...##
....# # ......#
.....#.##F.#....
....#.#........
...(#.......
...#....+
#(†÷W.# #.†@##
....P.#...#
..... ##### ....
... .. .


You could see a blink frog and bgiannan's ghost.

Vanquished Creatures
  Snorg (Lair:3)
  A minotaur (Lab)
  Fannar (D:10)
  Harold (Lair:4)
  5 hydras
  11 elephants
  A black mamba (Lair:5)
  21 spiny frogs
  A torpor snail (Lair:3)
  The ghost of Quirk the Chopper, a novice HuFi (D:6)
  A gargoyle (D:10)
  A rime drake (Lair:5)
  6 komodo dragons
  A merfolk (Lair:3)
  The ghost of Quirk the Chopper, an amateur HuFi (D:4)
  18 blink frogs
  2 dream sheep (Lair:3)
  4 hippogriffs
  A shadow (Lab)
  A wyvern (Lair:3)
  A spriggan (D:8)
  3 basilisks
  55 yaks
  Grum (D:8)
  5 vampire mosquitoes
  2 wargs (D:9)
  Edmund (D:5)
  2 hungry ghosts (Lab)
  8 swamp worms (Lair:1)
  3 nagas (Lair:4)
  Duvessa (D:6)
  8 porcupines
  7 water moccasins
  A hornet zombie (D:9)
  5 orc warriors
  2 sky beasts
  6 ogres
  5 wolves
  3 centaurs
  2 phantoms
  12 crocodiles
  12 bullfrogs
  A gnoll sergeant (D:8)
  2 wyvern zombies
  Dowan (D:6)
  A water moccasin zombie (D:9)
  3 scorpions
  9 killer bees
  5 wights
  6 howler monkeys
  An electric eel (Lair:3)
  A crimson imp (D:5)
  A quasit (D:10)
  A centaur zombie (D:5)
  2 bullfrog skeletons
  3 jellies
  Crazy Yiuf (D:6)
  9 orc priests
  2 centaur skeletons
  2 hounds
  13 orc wizards
  2 iguanas
  6 hell rats (Lair:4)
  10 worker ants
  3 hound zombies
  A spectral worker ant (D:9)
  2 hound skeletons
  A howler monkey zombie (D:5)
  10 gnolls
  A river rat (D:3)
  9 adders
  A shadow imp (D:7)
  An adder zombie (D:5)
  An adder skeleton (D:8)
  11 worms
  2 dart slugs
  3 leopard geckos
  36 orcs
  2 ball pythons
  4 giant cockroaches
  12 goblins
  13 hobgoblins
  8 jackals
  9 kobolds
  4 quokkas
  9 bats
  4 frilled lizards
  A giant cockroach zombie (D:6)
  8 rats
  A butterfly (Lair:2)
  A fungus (Lair:6)
  3 plants
468 creatures vanquished.

Vanquished Creatures (collateral kills)
  Gastronok (D:8)
1 creature vanquished.

Vanquished Creatures (others)
  9 fungi
  22 plants
31 creatures vanquished.

Grand Total: 500 creatures vanquished

Notes
Turn   | Place    | Note
-------+----------+-------------------------------------------
     0 | D:1      | fili the Minotaur Berserker began the quest for the Orb.
     0 | D:1      | Reached XP level 1. HP: 19/19 MP: 0/0
   173 | D:1      | Reached XP level 2. HP: 27/27 MP: 1/1
   755 | D:2      | Reached XP level 3. HP: 27/34 MP: 2/2
   821 | D:2      | Reached ** piety under Trog
  1243 | D:2      | Reached XP level 4. HP: 39/41 MP: 3/3
  1265 | D:2      | Reached skill level 5 in Fighting
  1265 | D:2      | Reached skill level 5 in Axes
  1594 | D:3      | Reached *** piety under Trog
  1876 | D:3      | Reached XP level 5. HP: 43/48 MP: 4/4
  2513 | D:4      | Noticed Quirk's ghost (amateur HuFi)
  2523 | D:4      | Killed Quirk's ghost
  2523 | D:4      | Reached XP level 6. HP: 58/58 MP: 5/5
  2583 | D:4      | Reached XP level 7. HP: 66/66 MP: 6/6
  2992 | D:4      | HP: 2/66 [orc priest/dagger (2)]
  3530 | D:5      | Entered Level 5 of the Dungeon
  3534 | D:5      | Noticed Edmund
  3591 | D:5      | Found Pogaudiu's Gadget Shop.
  3654 | D:5      | Killed Edmund
  3986 | D:5      | Reached XP level 8. HP: 68/75 MP: 7/7
  4130 | D:5      | Reached **** piety under Trog
  4537 | D:6      | Found a staircase to the Ecumenical Temple.
  4574 | D:6      | Noticed Quirk's ghost (novice HuFi)
  4649 | D:6      | Noticed Duvessa
  4650 | D:6      | Noticed Dowan
  4663 | D:6      | Killed Duvessa
  4668 | D:6      | Killed Dowan
  4735 | D:6      | Received a gift from Trog
  4850 | D:6      | Found a runed door.
  4854 | D:6      | Noticed Crazy Yiuf
  4860 | D:6      | Killed Crazy Yiuf
  4899 | D:6      | Killed Quirk's ghost
  4899 | D:6      | Reached skill level 10 in Fighting
  4899 | D:6      | Reached skill level 10 in Axes
  5510 | D:6      | Reached XP level 9. HP: 71/86 MP: 8/8
  5610 | D:6      | Found a deep blue altar of Sif Muna.
  5796 | D:7      | Reached skill level 1 in Throwing
  6624 | D:8      | Noticed Gastronok
  6875 | D:8      | Noticed Grum
  6885 | D:8      | Killed Grum
  7175 | D:8      | Reached XP level 10. HP: 71/97 MP: 9/9
  7919 | D:9      | Found a staircase to the Lair.
  7919 | D:9      | Noticed a two-headed ogre
  8010 | D:8      | Found Icveliag's Distillery.
  8328 | D:9      | Reached ***** piety under Trog
  8710 | D:10     | Entered Level 10 of the Dungeon
  9107 | D:10     | Noticed Fannar
  9169 | D:10     | Killed Fannar
  9169 | D:10     | Reached skill level 5 in Throwing
  9301 | D:10     | Found a staircase to the Orcish Mines.
  9310 | D:10     | Found a roughly hewn altar of Beogh.
  9579 | D:10     | Reached XP level 11. HP: 52/107 MP: 10/10
 10128 | D:10     | Noticed a two-headed ogre
 10519 | Lair:1   | Entered Level 1 of the Lair of Beasts
 10689 | Lair:1   | Noticed a seven-headed hydra
 11183 | D:8      | Killed Gastronok
 11183 | D:8      | Received a gift from Trog
 11503 | D:9      | Killed a seven-headed hydra
 12025 | Lair:1   | Noticed an oklob plant
 12457 | Lair:1   | Reached skill level 15 in Fighting
 12457 | Lair:1   | Reached skill level 15 in Axes
 12641 | Lair:1   | Reached XP level 12. HP: 48/119 MP: 11/11
 12911 | Lair:1   | Got a warped hat
 13104 | Lair:1   | Identified the +2 hat "Cot Beit" {rF+ Str+2 Dex+4} (You found it on level 1 of the Lair of Beasts)
 13294 | Lair:2   | Found a labyrinth entrance.
 13300 | Lab      | Entered a labyrinth
 14395 | Lab      | Noticed a minotaur
 14408 | Lab      | Killed a minotaur
 14802 | Lair:2   | Noticed an eight-headed hydra
 14813 | Lair:2   | Killed an eight-headed hydra
 15444 | Lair:2   | Noticed a four-headed hydra
 15448 | Lair:2   | Received a gift from Trog
 15458 | Lair:2   | Killed a four-headed hydra
 16160 | Lair:3   | Noticed Snorg
 16607 | Lair:3   | Reached XP level 13. HP: 116/130 MP: 12/12
 16646 | Lair:3   | Found a staircase to the Shoals.
 16705 | Lair:3   | Killed Snorg
 16778 | Lair:3   | Received a gift from Trog
 17404 | Lair:4   | Noticed Harold
 17423 | Lair:4   | Killed Harold
 17702 | Lair:4   | Received a gift from Trog
 17921 | Lair:4   | Found a staircase to the Snake Pit.
 18710 | Lair:5   | Found a staircase to the Slime Pits.
 18710 | Lair:5   | Found a viscous altar of Jiyva.
 19367 | Lair:6   | Entered Level 6 of the Lair of Beasts
 19408 | Lair:5   | Received a gift from Trog
 20132 | Lair:6   | Noticed bgiannan's ghost (journeyman MiFi)
 20306 | Lair:6   | Received a gift from Trog
 20309 | Lair:6   | HP: 6/201 [bgiannan's ghost (32)]
 20311 | Lair:6   | Annihilated by bgiannan's ghost

Skill      XL: |  1  2  3  4  5  6  7  8  9 10 11 12 13 |
---------------+----------------------------------------+-----
Axes           | 4 5 7 8 10 12 13 15 16 18 | 18.2
Fighting       | 4 5 6 7 8 10 12 13 15 16 18 | 18.1
Throwing       | 3 5 7 8 9 |  9.1
Armour         | |  2.4
Dodging        | |  2.1

Action                   |  1- 3 |  4- 6 |  7- 9 | 10-12 | 13-15 || total
-------------------------+-------+-------+-------+-------+-------++-------
Melee: Hand axe          |    94 |    29 |       |       |       ||   123
       Headbutt          |    12 |    16 |    66 |   144 |    81 ||   319
       War axe           |       |    70 |   336 |       |       ||   406
       Broad axe         |       |       |       |   448 |   249 ||   697
       Trident           |       |       |       |    69 |    12 ||    81
       Mace              |       |       |       |    24 |       ||    24
Throw: Tomahawk          |     2 |    12 |    40 |    77 |       ||   131
       Javelin           |       |       |       |    43 |    90 ||   133
Invok: Berserk           |       |     3 |     1 |     3 |     2 ||     9
       Trog's Hand       |       |     2 |     7 |    11 |     5 ||    25
       Brothers in Arms  |       |       |       |     3 |     2 ||     5
       Burn Spellbooks   |       |       |       |     1 |     1 ||     2
Evoke: Wand              |       |       |       |       |     3 ||     3
  Use: Scroll            |       |     6 |     5 |    10 |     3 ||    24
       Potion            |       |       |       |     5 |     3 ||     8
 Stab: Distracted        |       |       |       |     2 |       ||     2
  Eat: Chunk             |     1 |     7 |    18 |    21 |    13 ||    60
       Fruit             |       |       |     1 |     6 |     3 ||    10
       Royal jelly       |       |       |       |     2 |       ||     2
       Bread ration      |       |       |       |     1 |       ||     1
       Meat ration       |       |       |       |     1 |       ||     1
Armor: Animal skin       |    11 |       |       |       |       ||    11
       Ring mail         |     4 |    16 |       |       |       ||    20
       Scale mail        |       |    19 |    53 |       |       ||    72
       Chain mail        |       |       |     3 |       |       ||     3
       Plate armour      |       |       |    73 |   309 |   131 ||   513
Dodge: Dodged            |    75 |    47 |    66 |    88 |    56 ||   332
Block: Shield            |       |     7 |   116 |   194 |    93 ||   410
